 Dungeon Crawl Stone Soup version 0.26.1-11-gd32895ea62 (webtiles) character file.

Game seed: 12328665239227953236

6552 phalm the Destroyer (level 11, -7/81 HPs)
             Began as a Gnoll Conjurer on May 11, 2021.
             Was a Priest of Cheibriados.
             Mangled by ubername's ghost (15 damage)
             ... on level 7 of the Dungeon.
             The game lasted 00:26:07 (10052 turns).

phalm the Destroyer (Gnoll Conjurer)               Turns: 10052, Time: 00:26:07

Health: -7/81      AC: 11    Str: 18    XL:     11   Next: 1%
Magic:  3/22       EV: 19    Int: 37    God:    Cheibriados [***...]
Gold:   114        SH:  0    Dex: 22    Spells: 11/25 levels left

rFire    . . .     SeeInvis +   a - +2 war axe (vamp)
rCold    . . .     Faith    .   (no shield)
rNeg     . . .     Spirit   .   C - +0 steam dragon scales
rPois    +         Reflect  .   f - +0 helmet {SInv}
rElec    .         Harm     .   r - +0 cloak
rCorr    .         Rampage  .   e - +0 pair of gloves
Will     .....                  n - +0 pair of boots
Stlth    ++++......             g - amulet of regeneration
HPRegen  0.63/turn              I - +6 ring of intelligence
MPRegen  0.18/turn              P - ring of poison resistance

@: studying Maces & Flails, very slow
A: distributed training, fangs 1, strong nose
a: Renounce Religion, Bend Time, Temporal Distortion


You were on level 7 of the Dungeon.
You worshipped Cheibriados.
Cheibriados was most pleased with you.
You visited 2 branches of the dungeon, and saw 9 of its levels.

You collected 491 gold pieces.
You spent 377 gold pieces at shops.


Innate Abilities, Weirdness & Mutations

Your experience applies equally to all skills.
You have very sharp teeth.
Your uncanny sense of smell can sniff out nearby items.


   Skills:
 + Level 5.8 Fighting
 + Level 5.8 Short Blades
 + Level 5.8 Long Blades
 + Level 5.8 Axes
 + Level 6.3 Maces & Flails
 + Level 5.8 Polearms
 + Level 5.8 Staves
 + Level 5.8 Slings
 + Level 5.8 Bows
 + Level 5.8 Crossbows
 + Level 5.8 Throwing
 + Level 5.8 Armour
 + Level 7.5 Dodging
 + Level 7.2 Stealth
 + Level 5.8 Shields
 + Level 5.8 Unarmed Combat
 + Level 7.7 Spellcasting
 + Level 8.7 Conjurations
 + Level 4.8 Hexes
 + Level 4.8 Summonings
 + Level 4.8 Necromancy
 + Level 4.8 Translocations
 + Level 4.8 Transmutations
 + Level 4.8 Fire Magic
 + Level 4.8 Ice Magic
 + Level 4.8 Air Magic
 + Level 4.8 Earth Magic
 + Level 4.8 Poison Magic
 + Level 6.4 Invocations
 + Level 5.8 Evocations


You had 11 spell levels left.
You knew the following spells:

 Your Spells              Type           Power        Failure   Level
c - Call Imp              Summ           50%          1%          2
d - Mephitic Cloud        Conj/Pois/Air  56%          1%          3
m - Magic Dart            Conj           100%         1%          1
s - Searing Ray           Conj           100%         1%          2
B - Blink                 Tloc           N/A          1%          2
X - Iskenderun's Mystic   Conj/Tloc      59%          1%          4

Your spell library contained the following spells:

 Spells                   Type           Power        Failure   Level
 Slow                     Hex            50%          1%          2
 Confusing Touch          Hex            50%          1%          3
 Conjure Flame            Conj/Fire      59%          1%          3
 Dazzling Flash           Conj/Hex       100%         1%          3
 Gell's Gravitas          Tloc           25%          1%          3
 Fulminant Prism          Conj/Hex       29%          1%          4
 Petrify                  Tmut/Erth      50%          3%          4
 Metabolic Englaciation   Hex/Ice        25%          11%         5
 Yara's Violent Unravell  Hex/Tmut       25%          11%         5

Inventory:

Hand Weapons
 a - a +2 vampiric war axe (weapon)
   (You found it on level 5 of the Dungeon)
 b - a +1 vorpal shortbow
   (You took it off a centaur on level 8 of the Dungeon)
Missiles
 d - 319 stones
 o - 65 sling bullets
 t - 68 poisoned darts
 z - 2 throwing nets {=f!f}
 B - 22 boomerangs
 E - 4 curare-tipped darts {=f}
 F - 144 arrows
Armour
 e - a +0 pair of gloves (worn)
   (You found it on level 1 of the Dungeon)
 f - a +0 helmet of see invisible (worn)
   (You bought it in a shop on level 8 of the Dungeon)
 n - a +0 pair of boots (worn)
   (You found it on level 2 of the Dungeon)
 r - a +0 cloak (worn)
   (You took it off Crazy Yiuf on level 2 of the Dungeon)
 C - +0 steam dragon scales (worn)
   (You found it on level 7 of the Dungeon)
 J - a +0 kite shield
   (You found it on level 5 of the Dungeon)
Magical Staves
 R - an uncursed staff of death {!a}
   (You found it on level 8 of the Dungeon)
Jewellery
 g - an amulet of regeneration (around neck)
   (You found it on level 4 of the Dungeon)
 D - a +6 ring of dexterity
   (You found it on level 8 of the Dungeon)
 I - a +6 ring of intelligence (left hand)
   (You found it on level 1 of the Dungeon)
 P - a ring of poison resistance (right hand)
   (You found it on level 6 of the Dungeon)
Wands
 m - a wand of paralysis (10)
   (You found it on level 8 of the Dungeon)
 u - a wand of iceblast (7)
   (You found it on level 3 of the Dungeon)
 x - a wand of flame (27)
   (You took it off Grinder on level 3 of the Dungeon)
 N - a wand of acid (1)
   (You found it on level 6 of the Dungeon)
Scrolls
 h - 3 scrolls of enchant weapon
 i - 2 scrolls of enchant armour
 j - 3 scrolls of fear
 k - a scroll of blinking {!r}
 p - 4 scrolls of magic mapping {!r}
 v - 5 scrolls of remove curse {@r2}
 y - 7 scrolls of teleportation {@r4}
 G - 2 scrolls of amnesia {unknown}
Potions
 c - a potion of might
 l - a potion of heal wounds {@q2}
 q - 2 potions of resistance
 s - a potion of degeneration {unknown}
 w - a potion of cancellation {unknown}
 A - 2 potions of flight {unknown}
 H - a potion of curing {unknown}
 K - a potion of brilliance {unknown}
 L - a potion of lignification {unknown}
 M - a potion of mutation {unknown}
 O - 2 potions of haste {unknown}
Books
 Q - a manual of Maces & Flails {!d}
   (You found it on level 8 of the Dungeon)
Miscellaneous
 S - a phantom mirror
   (You found it on level 8 of the Dungeon)

Dungeon Overview and Level Annotations

Branches:
Dungeon (8/15)             Temple (1/1) D:5            Lair (0/6) D:8

Altars:
Ashenzari
Cheibriados
Dithmenos
Elyvilon
Fedhas
Gozag
Hepliaklqana
Kikubaaqudgha
Nemelex Xobeh
Okawaru
Qazlal
Ru
Sif Muna
Trog
Uskayaw
Vehumet
Xom
Yredelemnul
The Shining One

Shops:
D:4 *   D:7 *   D:8 [

Annotations:
D:7 1 transporter, ubername's ghost, novice HOMo

.....##.....###...[..[[).....#.##
.....##.........©.......####...#
.....++...#############.# #..##
.....##...#©..........#.# #..##
####.##[..#...........#.# ##..#
####.....)#..##...##..#.# #..##
........#.#..#8...8#..#.# ##.#.
..........#..##.W.##..#.# #.#.
........#.#....W@.....#.# #.[.
........#.#..##...##..#.# #...
........#.#..#8...8#..#.# ##..
####.####.#..##...##..#.# #.. #.#
#.#W..........#.# #.. #.#
#.#WZ..!)?....#.########† #.#
#.#############....).....
#.####.......©.......#######.#
#..............####### #.#


You could see a phantom and ubername's ghost (corroded).


Message History

The phantom blinks! 😕 HP[+1] MP[-1]
You lost 1 mp, and now have 7/22 mp.
The searing ray hits ubername's ghost.
Ubername's ghost barely misses you. 😕 HP[+1] MP[-1]
You lost 1 mp, and now have 6/22 mp.
The searing ray hits ubername's ghost!
You finish channeling your searing ray.
The bullfrog skeleton barely misses you.
Ubername's ghost closely misses you.
The bullfrog skeleton closely misses you. 😕 MP[-1]
You lost 1 mp, and now have 5/22 mp.
You slash the bullfrog skeleton!
You destroy the bullfrog skeleton!
Cheibriados thoroughly appreciates the change of pace.
You miss ubername's ghost.
Ubername's ghost hits you! 😕 HP[-14] MP[+1]
You take 14 damage, and now have 64/81 hp.
You hit ubername's ghost but do no damage.
You bite ubername's ghost, but do no damage.
Ubername's ghost barely misses you. 😕 HP[+1]
You barely miss ubername's ghost. Ubername's ghost completely misses you.
Ubername's ghost hits you! 😮 HP[-10]
You take 10 damage, and now have 55/81 hp.
You miss ubername's ghost. You closely miss the phantom. The phantom hits you.
Ubername's ghost completely misses you.
The phantom blinks! 😮 HP[-3]
You take 3 damage, and now have 52/81 hp.
Casting: Searing Ray (safe; 1% risk of failure)
Confirm with . or Enter, or press ? or * to list all spells.
Aiming: Searing Ray (safe; 1% risk of failure)
Press: ? - help, Shift-Dir - straight line, f/p - ubername's ghost
Aim: ubername's ghost (heavily damaged, 26% to evade)
The searing ray hits ubername's ghost. (Press . to maintain the ray.) Ubername's ghost hits you. 😮 HP[-1] MP[-2]
You take 1 damage, and now have 51/81 hp.
You lost 2 mp, and now have 4/22 mp.
The searing ray hits ubername's ghost!
Ubername's ghost completely misses you. 😮 HP[+1]
The searing ray hits ubername's ghost.
Ubername's ghost barely misses you. 😮 MP[-1]
You lost 1 mp, and now have 3/22 mp.
The searing ray hits ubername's ghost but does no damage.
You finish channeling your searing ray.
Ubername's ghost barely misses you.
The phantom hits you but does no damage. 😮 HP[+1] MP[-1]
You lost 1 mp, and now have 2/22 mp.
You miss the phantom.
You hit ubername's ghost but do no damage.
Ubername's ghost completely misses you. The phantom hits you. 😮 HP[-1]
You take 1 damage, and now have 52/81 hp.
You barely miss the phantom. You hit ubername's ghost.
Ubername's ghost hits you!
* * * LOW HITPOINT WARNING * * *
The phantom misses you. 😨 HP[-12]
You take 12 damage, and now have 40/81 hp.
You hit the phantom. You closely miss ubername's ghost.
Ubername's ghost misses you.
The phantom hits you but does no damage.
Ubername's ghost hits you!
* * * LOW HITPOINT WARNING * * *
😨 HP[-16] MP[+1]
You take 16 damage, and now have 24/81 hp.
You hit ubername's ghost.
You bite ubername's ghost, but do no damage.
You hit the phantom. The phantom completely misses you.
Ubername's ghost hits you!
* * * LOW HITPOINT WARNING * * *
The phantom hits you but does no damage. 😱 HP[-10]
You take 10 damage, and now have 14/81 hp.
Aiming: Paralyse
Press: ? - help, Shift-Dir - straight line, f/p - ubername's ghost
Aim: ubername's ghost (severely damaged, chance to affect: 28%)
Okay, then.
Aiming: Corrosive Bolt
Press: ? - help, Shift-Dir - straight line, f/p - ubername's ghost
Aim: ubername's ghost (severely damaged, 40% to evade)
The bolt of acid misses ubername's ghost.
Ubername's ghost hits you!
* * * LOW HITPOINT WARNING * * *
The phantom barely misses you. 😱 HP[-7]
You take 7 damage, and now have 7/81 hp.
Aiming: Corrosive Bolt
Press: ? - help, Shift-Dir - straight line, f/p - ubername's ghost
Aim: ubername's ghost (severely damaged, 40% to evade)
The bolt of acid hits ubername's ghost!
Ubername's ghost is splashed with acid!
The acid corrodes ubername's ghost!
Ubername's ghost hits you but does no damage.
The phantom hits you but does no damage.
You hit the phantom. You bite the phantom, but do no damage.
You hit ubername's ghost. Ubername's ghost hits you!
You die...

Skill      XL: |  1  2  3  4  5  6  7  8  9 10 |
---------------+-------------------------------+-----
Spellcasting   | 5 6 7 |  7.7
Invocations    | 1 2 3 4 5 6 |  6.4
Fighting       | 1 2 4 5 |  5.8
Short Blades   | 1 2 4 5 |  5.8
Long Blades    | 1 2 4 5 |  5.8
Axes           | 1 2 4 5 |  5.8
Maces & Flails | 1 2 4 6 |  6.3
Polearms       | 1 2 4 5 |  5.8
Staves         | 1 2 4 5 |  5.8
Slings         | 1 2 4 5 |  5.8
Bows           | 1 2 4 5 |  5.8
Crossbows      | 1 2 4 5 |  5.8
Throwing       | 1 2 4 5 |  5.8
Armour         | 1 2 4 5 |  5.8
Shields        | 1 2 4 5 |  5.8
Unarmed Combat | 1 2 4 5 |  5.8
Evocations     | 1 2 4 5 |  5.8
Hexes          | 1 2 3 4 |  4.8
Summonings     | 1 2 3 4 |  4.8
Necromancy     | 1 2 3 4 |  4.8
Translocations | 1 2 3 4 |  4.8
Transmutations | 1 2 3 4 |  4.8
Fire Magic     | 1 2 3 4 |  4.8
Ice Magic      | 1 2 3 4 |  4.8
Air Magic      | 1 2 3 4 |  4.8
Earth Magic    | 1 2 3 4 |  4.8
Poison Magic   | 1 2 3 4 |  4.8
Dodging        | 5 6 7 |  7.5
Stealth        | 5 6 7 |  7.2
Conjurations   | 8 |  8.7

Action                   |  1- 3 |  4- 6 |  7- 9 | 10-12 || total
-------------------------+-------+-------+-------+-------++-------
Melee: Hand axe          |     1 |     2 |       |       ||     3
       Quarterstaff      |       |     7 |     7 |       ||    14
       War axe           |       |       |    41 |    91 ||   132
       Bite              |       |       |     5 |    14 ||    19
       Punch             |       |       |       |     5 ||     5
 Fire: Shortbow          |       |       |    11 |    21 ||    32
 Cast: Magic Dart        |    70 |    67 |    98 |    28 ||   263
       Searing Ray       |       |    10 |    28 |    23 ||    61
       Call Imp          |       |       |     3 |     1 ||     4
       Iskenderun's Myst |       |       |     1 |     9 ||    10
       Mephitic Cloud    |       |       |       |     1 ||     1
Invok: Bend Time         |       |       |     1 |       ||     1
Evoke: Wand              |       |       |     3 |     2 ||     5
  Use: Scroll            |       |       |     7 |     3 ||    10
       Potion            |       |       |     3 |       ||     3
 Stab: Sleeping          |       |     1 |     1 |     1 ||     3
       Confused          |       |       |       |     1 ||     1
Armor: Robe              |       |     4 |    13 |       ||    17
       Steam dragon scal |       |       |     7 |    32 ||    39
Dodge: Dodged            |     4 |    15 |    94 |   155 ||   268

Levels and vault maps discovered:
D:1:      lemuel_arrival_hallway, layout_basic, minmay_3d_cube
D:2:      layout_rooms, general_overflow_altar, kennysheep_nondescript,
          kennysheep_crisscross, uniq_crazy_yiuf_cottage
D:3:      layout_basic, uniq_grinder
D:4:      minmay_bubble_buster, layout_cave_pools, serial_forest,
          infiniplex_forest_end_1, infiniplex_forest_clump_long,
          infiniplex_forest_straight_4, infiniplex_forest_straight_2,
          nicolae_elemental_shop, abandoned_shop, elyvilon_altar_5
D:5:      layout_loops_cross, minmay_temple_entry_enclosed_plants,
          grunt_decor_mini_mirrors, uniq_blork_the_orc
D:6:      layout_rooms
D:7:      kennysheep_steamy, layout_basic, lemuel_crystal_altar, serial_shops,
          nicolae_shop_behind_doors, gammafunk_ghost_mausoleum, uniq_joseph
D:8:      layout_cave_pools, xom_redecorated, erik_lair_island, serial_shops,
          shop, minmay_hollow_rounded_squares, uniq_grum
Temple:   eino_temple_rhombus

Notes
Turn   | Place    | Note
-------+----------+-------------------------------------------
     0 | D:1      | phalm the Gnoll Conjurer began the quest for the Orb.
     0 | D:1      | Reached XP level 1. HP: 13/13 MP: 6/6
     0 | D:1      | magus.rc [v1.9.10]
   173 | D:1      | Reached XP level 2. HP: 19/19 MP: 4/7
   749 | D:1      | Reached XP level 3. HP: 25/25 MP: 6/9
   887 | D:1      | Learned a level 2 spell: Searing Ray
   935 | D:1      | Reached skill level 5 in Spellcasting
  1618 | D:2      | Reached skill level 1 in Invocations
  1762 | D:2      | Reached skill level 1 in Fighting
  1762 | D:2      | Reached skill level 1 in Short Blades
  1762 | D:2      | Reached skill level 1 in Long Blades
  1762 | D:2      | Reached skill level 1 in Axes
  1762 | D:2      | Reached skill level 1 in Maces & Flails
  1762 | D:2      | Reached skill level 1 in Polearms
  1762 | D:2      | Reached skill level 1 in Staves
  1762 | D:2      | Reached skill level 1 in Slings
  1762 | D:2      | Reached skill level 1 in Bows
  1762 | D:2      | Reached skill level 1 in Crossbows
  1762 | D:2      | Reached skill level 1 in Throwing
  1762 | D:2      | Reached skill level 1 in Armour
  1762 | D:2      | Reached skill level 1 in Shields
  1762 | D:2      | Reached skill level 1 in Unarmed Combat
  1762 | D:2      | Reached skill level 1 in Evocations
  1900 | D:2      | Reached XP level 4. HP: 32/32 MP: 9/11
  2059 | D:2      | Found an iron altar of Okawaru.
  2378 | D:2      | Found a runed translucent door.
  2379 | D:2      | Noticed Crazy Yiuf
  2385 | D:2      | Killed Crazy Yiuf
  2386 | D:2      | Reached skill level 1 in Hexes
  2386 | D:2      | Reached skill level 1 in Summonings
  2386 | D:2      | Reached skill level 1 in Necromancy
  2386 | D:2      | Reached skill level 1 in Translocations
  2386 | D:2      | Reached skill level 1 in Transmutations
  2386 | D:2      | Reached skill level 1 in Fire Magic
  2386 | D:2      | Reached skill level 1 in Ice Magic
  2386 | D:2      | Reached skill level 1 in Air Magic
  2386 | D:2      | Reached skill level 1 in Earth Magic
  2386 | D:2      | Reached skill level 1 in Poison Magic
  2780 | D:3      | Noticed Grinder
  2886 | D:3      | Killed Grinder
  2887 | D:3      | Reached skill level 2 in Invocations
  2887 | D:3      | Reached XP level 5. HP: 38/38 MP: 5/12
  2887 | D:3      | Reached XP level 6. HP: 44/44 MP: 5/14
  3302 | D:3      | Reached skill level 5 in Dodging
  3702 | D:3      | Reached skill level 2 in Fighting
  3702 | D:3      | Reached skill level 2 in Short Blades
  3702 | D:3      | Reached skill level 2 in Long Blades
  3702 | D:3      | Reached skill level 2 in Axes
  3702 | D:3      | Reached skill level 2 in Maces & Flails
  3702 | D:3      | Reached skill level 2 in Polearms
  3702 | D:3      | Reached skill level 2 in Staves
  3702 | D:3      | Reached skill level 2 in Slings
  3702 | D:3      | Reached skill level 2 in Bows
  3702 | D:3      | Reached skill level 2 in Crossbows
  3702 | D:3      | Reached skill level 2 in Throwing
  3702 | D:3      | Reached skill level 2 in Armour
  3702 | D:3      | Reached skill level 2 in Shields
  3702 | D:3      | Reached skill level 2 in Unarmed Combat
  3702 | D:3      | Reached skill level 2 in Evocations
  3709 | D:3      | Learned a level 4 spell: Iskenderun's Mystic Blast
  4032 | D:4      | You pick up a book of Misfortune and begin reading...
  4032 | D:4      | You add the spells Confusing Touch, Gell's Gravitas,
                  | Petrify, Metabolic Englaciation and Yara's Violent
                  | Unravelling to your library.
  4094 | D:4      | Found Xomegaur's Elemental Accessories.
  4389 | D:4      | Reached XP level 7. HP: 50/50 MP: 10/15
  4456 | D:4      | Found a white marble altar of Elyvilon.
  4755 | D:5      | Entered Level 5 of the Dungeon
  5193 | D:5      | Reached skill level 2 in Hexes
  5193 | D:5      | Reached skill level 2 in Summonings
  5193 | D:5      | Reached skill level 2 in Necromancy
  5193 | D:5      | Reached skill level 2 in Translocations
  5193 | D:5      | Reached skill level 2 in Transmutations
  5193 | D:5      | Reached skill level 2 in Fire Magic
  5193 | D:5      | Reached skill level 2 in Ice Magic
  5193 | D:5      | Reached skill level 2 in Air Magic
  5193 | D:5      | Reached skill level 2 in Earth Magic
  5193 | D:5      | Reached skill level 2 in Poison Magic
  5282 | D:5      | Found a staircase to the Ecumenical Temple.
  5287 | D:5      | Reached skill level 5 in Stealth
  5287 | D:5      | Reached skill level 3 in Invocations
  5309 | Temple   | Entered the Ecumenical Temple
  5452 | Temple   | Became a worshipper of Cheibriados the Contemplative
  5737 | D:5      | Noticed Blork the orc
  5743 | D:5      | Killed Blork the orc
  5744 | D:5      | Reached XP level 8. HP: 57/57 MP: 7/16
  6046 | D:6      | Reached skill level 3 in Fighting
  6046 | D:6      | Reached skill level 3 in Short Blades
  6046 | D:6      | Reached skill level 3 in Long Blades
  6046 | D:6      | Reached skill level 3 in Axes
  6046 | D:6      | Reached skill level 3 in Maces & Flails
  6046 | D:6      | Reached skill level 3 in Polearms
  6046 | D:6      | Reached skill level 3 in Staves
  6046 | D:6      | Reached skill level 3 in Slings
  6046 | D:6      | Reached skill level 3 in Bows
  6046 | D:6      | Reached skill level 3 in Crossbows
  6046 | D:6      | Reached skill level 3 in Throwing
  6046 | D:6      | Reached skill level 3 in Armour
  6046 | D:6      | Reached skill level 3 in Shields
  6046 | D:6      | Reached skill level 3 in Unarmed Combat
  6046 | D:6      | Reached skill level 3 in Evocations
  6244 | D:6      | You pick up a book of Minor Magic and begin reading...
  6244 | D:6      | You add the spells Blink, Call Imp, Slow, Conjure Flame and
                  | Mephitic Cloud to your library.
  6248 | D:6      | Learned a level 2 spell: Blink
  6251 | D:6      | Learned a level 2 spell: Call Imp
  6255 | D:6      | Learned a level 3 spell: Mephitic Cloud
  6726 | D:7      | Noticed Joseph
  6731 | D:7      | Killed Joseph
  6732 | D:7      | Reached skill level 6 in Spellcasting
  6848 | D:7      | Found a transporter.
  6850 | D:7      | Found a transporter.
  6854 | D:7      | Noticed ubername's ghost (novice HOMo)
  6900 | D:7      | Noticed a two-headed ogre
  6917 | D:7      | Killed a two-headed ogre
  6918 | D:7      | Reached skill level 4 in Fighting
  6918 | D:7      | Reached skill level 4 in Short Blades
  6918 | D:7      | Reached skill level 4 in Long Blades
  6918 | D:7      | Reached skill level 4 in Axes
  6918 | D:7      | Reached skill level 4 in Maces & Flails
  6918 | D:7      | Reached skill level 4 in Polearms
  6918 | D:7      | Reached skill level 4 in Staves
  6918 | D:7      | Reached skill level 4 in Slings
  6918 | D:7      | Reached skill level 4 in Bows
  6918 | D:7      | Reached skill level 4 in Crossbows
  6918 | D:7      | Reached skill level 4 in Throwing
  6918 | D:7      | Reached skill level 4 in Armour
  6918 | D:7      | Reached skill level 6 in Dodging
  6918 | D:7      | Reached skill level 4 in Shields
  6918 | D:7      | Reached skill level 4 in Unarmed Combat
  6918 | D:7      | Reached skill level 3 in Hexes
  6918 | D:7      | Reached skill level 3 in Summonings
  6918 | D:7      | Reached skill level 3 in Necromancy
  6918 | D:7      | Reached skill level 3 in Translocations
  6918 | D:7      | Reached skill level 3 in Transmutations
  6918 | D:7      | Reached skill level 3 in Fire Magic
  6918 | D:7      | Reached skill level 3 in Ice Magic
  6918 | D:7      | Reached skill level 3 in Air Magic
  6918 | D:7      | Reached skill level 3 in Earth Magic
  6918 | D:7      | Reached skill level 3 in Poison Magic
  6918 | D:7      | Reached skill level 4 in Invocations
  6918 | D:7      | Reached skill level 4 in Evocations
  6918 | D:7      | Reached XP level 9. HP: 55/65 MP: 3/18
  7100 | D:7      | Reached * piety under Cheibriados
  7177 | D:7      | Found a hide-covered altar of Uskayaw.
  7184 | D:7      | Found Fiphoiho's General Store.
  7359 | D:7      | Reached skill level 6 in Stealth
  7359 | D:7      | Reached skill level 8 in Conjurations
  7534 | D:7      | HP: 14/65 [killer bee (5)]
  7534 | D:7      | HP: 6/65 [killer bee (2)]
  7537 | D:7      | HP: 1/65 [killer bee (6)]
  7545 | D:7      | HP: 13/65 [killer bee (7)]
  7726 | D:7      | HP: 9/66 [something/ball of steam (12)]
  7727 | D:7      | HP: 3/66 [something (6)]
  7728 | D:7      | Reached skill level 5 in Invocations
  8325 | D:7      | Reached ** piety under Cheibriados
  8326 | D:7      | Reached skill level 7 in Spellcasting
  8397 | D:8      | Noticed Grum
  8401 | D:8      | Reached XP level 10. HP: 73/73 MP: 12/20
  8402 | D:8      | Reached skill level 4 in Hexes
  8402 | D:8      | Reached skill level 4 in Summonings
  8402 | D:8      | Reached skill level 4 in Necromancy
  8402 | D:8      | Reached skill level 4 in Translocations
  8402 | D:8      | Reached skill level 4 in Transmutations
  8402 | D:8      | Reached skill level 4 in Fire Magic
  8402 | D:8      | Reached skill level 4 in Ice Magic
  8402 | D:8      | Reached skill level 4 in Air Magic
  8402 | D:8      | Reached skill level 4 in Earth Magic
  8402 | D:8      | Reached skill level 4 in Poison Magic
  8524 | D:8      | Reached skill level 5 in Fighting
  8524 | D:8      | Reached skill level 5 in Short Blades
  8524 | D:8      | Reached skill level 5 in Long Blades
  8524 | D:8      | Reached skill level 5 in Axes
  8524 | D:8      | Reached skill level 5 in Maces & Flails
  8524 | D:8      | Reached skill level 5 in Polearms
  8524 | D:8      | Reached skill level 5 in Staves
  8524 | D:8      | Reached skill level 5 in Slings
  8524 | D:8      | Reached skill level 5 in Bows
  8524 | D:8      | Reached skill level 5 in Crossbows
  8524 | D:8      | Reached skill level 5 in Throwing
  8524 | D:8      | Reached skill level 5 in Armour
  8524 | D:8      | Reached skill level 5 in Shields
  8524 | D:8      | Reached skill level 5 in Unarmed Combat
  8524 | D:8      | Reached skill level 5 in Evocations
  8643 | D:8      | Found a large runed translucent door.
  8653 | D:8      | Killed Grum
  8735 | D:8      | Reached skill level 7 in Dodging
  8897 | D:8      | Found a large runed translucent door.
  8910 | D:8      | Found a large runed translucent door.
  8911 | D:8      | Found a large runed translucent door.
  8924 | D:8      | Reached *** piety under Cheibriados
  8948 | D:8      | Noticed a deep elf mage
  8967 | D:8      | Noticed a two-headed ogre
  8978 | D:8      | Killed a two-headed ogre
  8979 | D:8      | Reached skill level 6 in Invocations
  9005 | D:8      | Killed a deep elf mage
  9006 | D:8      | Reached skill level 7 in Stealth
  9065 | D:8      | Reached skill level 6 in Maces & Flails
  9261 | D:8      | Found Doha's Antique Armour Shop.
  9263 | D:8      | Found a shimmering altar of Xom.
  9263 | D:8      | Found a shimmering altar of Xom.
  9266 | D:8      | Bought a shiny helmet for 195 gold pieces
  9266 | D:8      | Bought a faintly humming leather armour for 182 gold pieces
  9281 | D:8      | Identified the cursed +0 leather armour of Impermeability
                  | {Rampage rCorr Stlth+} (You bought it in a shop on level 8
                  | of the Dungeon)
  9417 | D:8      | Found a staircase to the Lair.
  9664 | D:8      | Found a shimmering altar of Xom.
  9752 | D:8      | Reached XP level 11. HP: 80/81 MP: 14/22
 10049 | D:7      | HP: 14/81 [ubername's ghost (11)]
 10052 | D:7      | Mangled by ubername's ghost

Vanquished Creatures
  2 two-headed ogres
  A deep elf mage (D:8)
  Joseph (D:7)
  2 trolls (D:8)
  Grinder (D:3)
  A wyvern (D:8)
  Grum (D:8)
  2 steam dragons (D:7)
  A water moccasin (D:7)
  An orc warrior (D:8)
  2 sky beasts
  A phantom (D:7)
  An ice beast (D:8)
  4 ogres
  A necrophage (D:8)
  4 wolves (D:8)
  3 centaurs
  Blork the orc (D:5)
  5 scorpions
  6 killer bees
  An electric eel (D:8)
  A howler monkey (D:7)
  A quasit (D:7)
  2 jellies (D:6)
  5 hounds
  4 orc priests
  2 bullfrog zombies
  7 orc wizards
  2 bullfrog skeletons
  Crazy Yiuf (D:2)
  2 iguanas
  5 worker ants
  12 adders
  2 white imps
  3 ufetubi (D:8)
  2 adder zombies
  A dart slug (D:2)
  4 leopard geckos
  29 orcs
  9 bats
  3 giant cockroaches
  6 goblins
  12 hobgoblins
  4 jackals (D:4)
  10 kobolds
  3 quokkas
  3 ball pythons
  6 frilled lizards
  2 leopard gecko zombies (D:5)
  6 rats
191 creatures vanquished.

Vanquished Creatures (others)
  An electric eel (D:8)
  10 fungi (D:7)
11 creatures vanquished.

Grand Total: 202 creatures vanquished

Table legend:
 A = Non-vault XP
 B = Vault XP
 C = Vault XP percentage of total XP
 D = Non-vault monster count
 E = Vault monster count
 F = Vault count percentage of total count
                 A         B        C        D         E       F
            +---------+---------+-------+---------+---------+-------
      Total |    4435 |    4925 |  52.6 |     160 |      32 |  16.7
            +---------+---------+-------+---------+---------+-------
        D:1 |      37 |       5 |  11.9 |      23 |       2 |   8.0
        D:2 |      76 |      37 |  32.7 |      25 |       1 |   3.8
        D:3 |      67 |     244 |  78.5 |      11 |       1 |   8.3
        D:4 |     246 |       0 |   0.0 |      21 |       0 |   0.0
        D:5 |     442 |      99 |  18.3 |      14 |       1 |   6.7
        D:6 |     166 |       0 |   0.0 |       5 |       0 |   0.0
        D:7 |    2264 |     937 |  29.3 |      33 |       6 |  15.4
        D:8 |    1137 |    3603 |  76.0 |      28 |      21 |  42.9
            +---------+---------+-------+---------+---------+-------

Illustrated notes

Table legend:
 A = Kills in this place as a percentage of kills in entire the game.
 B = Kills by you in this place as a percentage of kills by you in the entire game.
 C = Kills by friends in this place as a percentage of kills by friends in the entire game.
 D = Other kills in this place as a percentage of other kills in the entire game.
 E = Experience gained in this place as a percentage of experience gained in the entire game.
 F = Experience gained in this place divided by the number of levels of this place that you have seen.
                   A       B       C       D       E      F
               +-------+-------+-------+-------+-------+----------------------
         Total | 100.0 | 100.0 |   N/A | 100.0 | 100.0 | 1040.0
       Dungeon | 100.0 | 100.0 |   N/A | 100.0 | 100.0 | 1170.0
               +-------+-------+-------+-------+-------+----------------------

Table legend: (Time is in decaauts)
 A = Elapsed time spent in this place.
 B = Non-inter-level travel time spent in this place.
 C = Inter-level travel time spent in this place.
 D = Time resting spent in this place.
 E = Time spent auto-exploring this place.
 F = Levels seen in this place.
 G = Mean time per level.
                   A        B        C        D        E       F      G
               +--------+--------+--------+--------+--------+-----+--------+
         Total |  11019 |  10556 |    463 |      0 |   9318 |   9 | 1224.3 |
       Dungeon |  10805 |  10359 |    446 |      0 |   9126 |   8 | 1350.6 |
        Temple |    214 |    197 |     17 |      0 |    192 |   1 |  214.0 |
               +--------+--------+--------+--------+--------+-----+--------+

Top non-repeatable levels by time:
     D:7: 2304 daAuts
     D:8: 1803 daAuts
     D:1: 1517 daAuts
     D:3: 1343 daAuts
     D:5: 1155 daAuts
     D:2: 1091 daAuts
     D:4: 805 daAuts
     D:6: 784 daAuts
  Temple: 214 daAuts
